 Dungeon Crawl Stone Soup version 0.17.0-28-g6e173f8 (webtiles) character file.

212 PossumBlood the Covered (level 5, 0/47 HPs)
             Began as a Minotaur Fighter on Dec 2, 2015.
             Killed from afar by Musteatbrain's ghost (2 damage)
             ... with a magic dart
             ... on level 4 of the Dungeon.
             The game lasted 00:07:14 (3402 turns).

PossumBlood the Covered (Minotaur Fighter)          Turns: 3402, Time: 00:07:14

Health: 0/47       AC:  8    Str: 26    XL:     5   Next: 58%
Magic:  0/4        EV:  8    Int:  5    God:
Gold:   171        SH: 10    Dex: 10    Spells: 0 memorised, 4 levels left

rFire  . . .     SeeInvis .     a - +0 flail
rCold  . . .     Clarity  .     b - +0 scale mail
rNeg   . . .     SustAt   +     c - +0 shield
rPois  .         Gourm    .     (helmet restricted)
rElec  .         Spirit   +     i - +0 cloak
rCorr  .         Warding  .     (no gloves)
rMut   .         Stasis   .     (no boots)
MR     .....                    m - amulet of guardian spirit
Stlth  ..........               (no ring)
                                t - ring of sustain attributes

@: mighty, not resistant to hostile enchantments, extremely unstealthy
A: retaliatory headbutt, horns 2
a: no special abilities


You were on level 4 of the Dungeon.
You were not hungry.

You visited 1 branch of the dungeon, and saw 4 of its levels.

You collected 171 gold pieces.

Inventory:

Hand Weapons
 a - a +0 flail (weapon)
Missiles
 h - 3 javelins (quivered)
Armour
 b - a +0 scale mail (worn)
 c - a +0 shield (worn)
 i - a +0 cloak (worn)
Jewellery
 m - an amulet of guardian spirit (around neck)
 t - a ring of sustain attributes (left hand)
Wands
 u - a wand of random effects (25)
Scrolls
 e - a scroll of remove curse
Potions
 f - 2 potions of curing {unknown}
 l - a potion of ambrosia {unknown}
 n - a potion of heal wounds {unknown}
 p - a potion of experience {unknown}
 r - a potion of lignification {unknown}
 s - 2 potions of poison {unknown}
Comestibles
 g - a meat ration
 v - a bread ration


   Skills:
 + Level 4.6 Fighting
 + Level 3.9 Maces & Flails
 + Level 5.0 Armour
 + Level 1.6 Dodging
 + Level 0.1 Stealth
 + Level 4.7 Shields


You had 4 spell levels left.
You didn't know any spells.

Dungeon Overview and Level Annotations

Branches:
Dungeon (4/15)
 Temple: D:4-7

Altars:
Elyvilon
Xom

Annotations:
D:4 Musteatbrain's ghost, amateur DsWz


Innate Abilities, Weirdness & Mutations

You reflexively headbutt those who attack you in melee.
You have a pair of horns on your head.


Message History

You headbutt Musteatbrain's ghost.
Musteatbrain's ghost is moderately damaged.
Musteatbrain's ghost gestures at you while chanting.
The magic dart hits you!
* * * LOW HITPOINT WARNING * * *
You bludgeon Musteatbrain's ghost!!
Musteatbrain's ghost is severely damaged.
Musteatbrain's ghost points at you and mumbles some strange words.
The magic dart hits you!
You hit Musteatbrain's ghost but do no damage.
You headbutt Musteatbrain's ghost, but do no damage.
Musteatbrain's ghost is severely damaged.
Musteatbrain's ghost gestures at you while chanting.
The magic dart hits you! Musteatbrain's ghost hits you!
* * * LOW HITPOINT WARNING * * *
You hit Musteatbrain's ghost but do no damage.
Musteatbrain's ghost is severely damaged.
Musteatbrain's ghost points at you and mumbles some strange words.
The magic dart hits you!
You die...

## #######
..(##.....##
..(........##
............#
............#
............#
............####
......W.<.......
.......@....####
...........##
...##......# ##
#§.§§§.....
#§§§§§......#
#.§§§§.......
#.PP§§..##### ##
§PP#.# ##.#..


You could see Musteatbrain's ghost.

Vanquished Creatures
  Terence (D:3)
  Natasha (thrice) (D:2)
  A worker ant zombie (D:4)
  6 adders
  2 worms
  2 giant geckos
  5 orcs (D:3)
  A ball python (D:2)
  6 goblins
  8 hobgoblins
  3 jackals (D:3)
  14 kobolds
  A quokka (D:3)
  10 bats
  A giant cockroach zombie (D:4)
  A giant gecko skeleton (D:4)
  7 giant newts
  8 rats
  A fungus (D:3)
81 creatures vanquished.

Vanquished Creatures (others)
  A quokka (D:3)
1 creature vanquished.

Grand Total: 82 creatures vanquished

Notes
Turn   | Place    | Note
--------------------------------------------------------------
     0 | D:1      | PossumBlood the Minotaur Fighter began the quest for the Orb.
     0 | D:1      | Reached XP level 1. HP: 19/19 MP: 0/0
   284 | D:1      | Reached XP level 2. HP: 27/27 MP: 1/1
   326 | D:1      | Reached skill level 4 in Fighting
   943 | D:2      | Reached XP level 3. HP: 28/33 MP: 2/2
  1580 | D:2      | Found a shimmering altar of Xom.
  1581 | D:2      | Noticed Natasha
  1586 | D:2      | Killed Natasha
  1586 | D:2      | Reached skill level 1 in Dodging
  1586 | D:2      | Reached XP level 4. HP: 35/40 MP: 3/3
  1626 | D:2      | Noticed Natasha
  1631 | D:2      | Killed Natasha
  1748 | D:2      | Noticed Natasha
  1759 | D:2      | Killed Natasha
  2496 | D:3      | Noticed Terence
  2512 | D:3      | Reached XP level 5. HP: 32/47 MP: 4/4
  2514 | D:3      | Killed Terence
  2615 | D:3      | Found a white marble altar of Elyvilon.
  2659 | D:3      | Reached skill level 5 in Armour
  3387 | D:4      | Noticed Musteatbrain's ghost (amateur DsWz)
  3401 | D:4      | HP: 1/47 [Musteatbrain's ghost (7)]
  3402 | D:4      | Killed from afar by Musteatbrain's ghost

Action                   |  1- 3 |  4- 6 || total
-------------------------+-------+-------++-------
Melee: Flail             |    84 |   149 ||   233
  Use: Scroll            |       |     8 ||     8
       Potion            |       |     1 ||     1
  Eat: Bread ration      |     1 |       ||     1
       Meat ration       |       |     1 ||     1
